 Dungeon Crawl Stone Soup version 0.28.0-53-g5a82cb258f (webtiles) character file.

Game seed: 7969793469068940247

21 issech the Chopper (level 2, -2/27 HPs)
             Began as a Minotaur Monk on June 11, 2022.
             Slain by Terence
             ... wielding a +0 flail
              (5 damage)
             ... on level 2 of the Dungeon.
             The game lasted 00:01:57 (1065 turns).

issech the Chopper (Minotaur Monk)                  Turns: 1065, Time: 00:01:58

Health: -2/27      AC:  2    Str: 15    XL:     2   Next: 65%
Magic:  1/1        EV: 13    Int:  7    God:
Gold:   71         SH:  0    Dex: 12    Spells: 1/1 levels left

rFire   . . .      SeeInvis .   a - +0 hand axe
rCold   . . .      Faith    .   (no shield)
rNeg    . . .      Spirit   .   b - +0 robe
rPois   .          Reflect  .   (helmet restricted)
rElec   .          Harm     .   (no cloak)
rCorr   .          Rampage  .   (no gloves)
Will    .....                   (no boots)
Stlth   ++........              (no amulet)
HPRegen 0.09/turn               (no ring)
MPRegen 0.07/turn               (no ring)

@: no status effects
A: horns 2, retaliatory headbutt
a: no special abilities


You were on level 2 of the Dungeon.
You visited 1 branch of the dungeon, and saw 2 of its levels.

You collected 71 gold pieces.

Inventory:

Hand Weapons
 a - a +0 hand axe (weapon)
Missiles
 g - 40 arrows
 h - 20 stones (quivered)
 i - 14 sling bullets
Armour
 b - a +0 robe (worn)
Scrolls
 c - a scroll of fog {unknown}
 d - 2 scrolls of noise {unknown}
 e - 2 scrolls of blinking {unknown}
Potions
 f - a potion of curing {unknown}
 j - 2 potions of might {unknown}
 k - a potion of flight {unknown}


   Skills:
 + Level 4.1 Fighting
 + Level 4.1 Axes
 + Level 3.5 Dodging
 + Level 1.8 Stealth


You had one spell level left.
You didn't know any spells.
Your spell library contained the following spells:

 Spells                   Type           Power      Damage    Failure   Level
 Iskenderun's Battlesphe  Conj           0%         2d6       100%        5
 Iron Shot                Conj/Erth      0%         9d1       100%        6
 Spellforged Servitor     Conj/Summ      0%         N/A       100%        7


Dungeon Overview and Level Annotations

Branches:
Dungeon (2/15)

Altars:

Shops:
D:1 :

Annotations:
D:2 Terence


Innate Abilities, Weirdness & Mutations

You have a pair of horns on your head.
You reflexively headbutt those who attack you in melee.


Message History

There is an open door here.
There is a staircase leading out of the dungeon here.
There is an open door here.
There is an open door here.
There is an open door here.
Done exploring.
Done exploring.
There is an open door here.
You open the door.
There is an open door here.
There is an open door here.
There is an open door here.
There is an open door here.
There is an open door here.
There is a stone staircase leading down here.
You climb downwards.
There is a stone staircase leading up here.
Found a stone staircase leading down.
Found a stone staircase leading down.
Terence the Incautious comes into view.
He is wielding a +0 flail and carrying a wand of digging (3).
Terence shouts!
Terence moves out of view.
Found a dagger.
Terence hits you with a +0 flail.
You hit Terence but do no damage. Your headbutt misses Terence.
Terence closely misses you.
You hit Terence but do no damage. You headbutt Terence.
Terence is lightly wounded.
Terence barely misses you.
You hit Terence. Your headbutt misses Terence.
Terence is moderately wounded.
Terence hits you with a +0 flail!
You hit Terence but do no damage.
Terence is lightly wounded.
Terence hits you with a +0 flail!
* * * LOW HITPOINT WARNING * * *
You slash Terence!
Terence is heavily wounded.
Terence hits you with a +0 flail.
You die...

#...# #...##
#....###
#......##
#...##..#######
##.####........
#..##########.
##..### ##@..#
#.@.......
#)....>....
#..........
#......>...
##.........
.#.......#
.#.##.##.#


You could see Terence.

Vanquished Creatures
  3 endoplasms (D:1)
  A giant cockroach (D:1)
  2 hobgoblins (D:1)
  A jackal (D:1)
  A kobold (D:1)
  5 ball pythons (D:1)
  2 bats (D:1)
  A goblin (D:1)
  3 rats (D:1)
  A spectral hobgoblin (D:1)
20 creatures vanquished.

Notes
Turn   | Place    | Note
-------+----------+-------------------------------------------
     0 | D:1      | issech the Minotaur Monk began the quest for the Orb.
     0 | D:1      | Reached XP level 1. HP: 19/19 MP: 0/0
    15 | D:1      | Found Efesm's Book Shop.
   143 | D:1      | Reached XP level 2. HP: 17/27 MP: 1/1
   522 | D:1      | Found a faded altar of an unknown god.
  1056 | D:2      | Noticed Terence
  1065 | D:2      | Slain by Terence

Illustrated notes

Levels and vault maps discovered:
D:1:      minmay_arrival_doors, layout_loops_ring,
          dreamdust_ecumenical_altar_drowned_temple, serial_shops, shop,
          nrook_mini_backslash, minmay_pentomino_v4
D:2:      minmay_door_path, layout_rooms, basic_altar,
          wad_floor_pattern_untrapped, uniq_terence

Skill      XL: |  1  2 |
---------------+-------+-----
Fighting       | 4 |  4.1
Axes           | 4 |  4.1
Dodging        | |  3.5
Stealth        | |  1.8

Action                   || total
-------------------------++-------
Melee: Hand axe          ||    40
       Headbutt          ||     5
 Stab: Sleeping          ||     1
Armor: Robe              ||     5
Dodge: Dodged            ||    33
